AoeStats
← dobled2daoe

Pilgrims

508080242Analyzed
4v4 RM · 11d ago on Sep 20, 2026· 51m 31s· 8 players
Game mode
Random Map
Map size
Large (8 player)
Population
200
Speed
Normal
Resources
Standard
Victory
Conquest
Starting age
Dark Age
Ending age
Imperial Age
RankedLock teamsTeams togetherTeam positionsShared explorationLock speedFull tech treeHidden civsTurbo modeCheats
Victory
Defeat
🇨🇦 Berbers · Canada
1410
+12
🇺🇸 Japanese · United States
1325
+15
🇺🇸 Khmer · United States
1301
+16
🇺🇸 Maya · United States
1297
+16
🇨🇴 Burmese · Colombia
1321
-15
🇧🇷 Hindustanis · Brazil
1312
-15
🇨🇴 Turks · Colombia
1310
-15
🇵🇪 Ethiopians · Peru
1292
-14
dobled2daoe
9:22 Loom
11:44 Feudal Age
13:39 Double-Bit Axe
16:28 Fletching
20:09 Castle Age
18:58 Horse Collar
19:24 Gold Mining
23:20 Wheelbarrow
23:49 Wheelbarrow
32:20 Imperial Age
32:49 Imperial Age
31:40 Gold Shaft Mining
37:03 Bodkin Arrow
39:30 Bracer
40:08 Scale Barding Armor
41:47 Chain Barding Armor
42:07 Bloodlines
46:56 Medium Warships
48:03 Heavy Warships
Cualnick
11:41 Loom
13:47 Feudal Age
15:10 Wheelbarrow
14:18 Fishing Lines
18:26 Castle Age
16:24 Gold Mining
17:34 Stone Mining
19:32 Fervor
19:17 Horse Collar
20:00 Heavy Plow
20:46 Sanctity
24:59 Gillnets
27:19 Hand Cart
26:50 Town Watch
30:44 Imperial Age
29:03 Fletching
29:34 Ballistics
29:44 Bodkin Arrow
33:12 Treadmill Crane
34:09 Gold Shaft Mining
34:30 Scale Mail Armor
34:13 Pikeman
35:24 Squires
35:42 Arson
35:20 Halberdier
36:34 Chain Mail Armor
37:47 Plate Mail Armor
38:06 Illumination
38:17 Theocracy
38:08 Forging
39:14 Crop Rotation
38:20 Capped Ram
40:43 Iron Casting
41:28 Conscription
42:01 Bracer
43:01 Blast Furnace
43:37 Chemistry
42:43 Siege Engineers
43:43 Chemistry
43:58 Scale Barding Armor
43:55 Howdah
45:04 Chain Barding Armor
45:25 Block Printing
45:22 Redemption
47:07 Plate Barding Armor
45:53 Light Cavalry
46:44 Bloodlines
46:35 Husbandry
46:05 Elite Battle Elephant
47:22 Hussar
48:03 Bracer
48:16 Masonry
48:03 Murder Holes
M@nquito 2.0
12:24 Feudal Age
18:16 Castle Age
16:07 Fletching
17:37 Double-Bit Axe
18:09 Padded Archer Armor
18:23 Crossbowman
19:02 Loom
24:57 Forging
29:31 Thumb Ring
30:54 Bodkin Arrow
33:08 Wheelbarrow
34:11 Gold Mining
39:03 Imperial Age
37:17 Gold Shaft Mining
36:47 Stone Mining
37:14 Leather Archer Armor
37:52 Bow Saw
38:37 Ballistics
39:08 Arbalester
41:01 Bracer
42:23 Chemistry
43:34 Ring Archer Armor
42:45 Elite Skirmisher
44:16 Stone Shaft Mining
BaianinhoDeMaua
12:08 Feudal Age
11:01 Loom
13:59 Fletching
20:16 Castle Age
18:15 Double-Bit Axe
20:44 Horse Collar
27:14 Forging
27:10 Scale Barding Armor
27:30 Bloodlines
27:21 Husbandry
31:44 Squires
32:27 Scale Mail Armor
33:39 Chain Mail Armor
39:13 Wheelbarrow
38:54 Gold Mining
41:09 Iron Casting
43:22 Gold Shaft Mining
46:00 Imperial Age
46:04 Heavy Camel Rider
Eden
8:56 Loom
11:04 Feudal Age
11:38 Double-Bit Axe
11:57 Gold Mining
12:07 Fishing Lines
20:00 Castle Age
17:50 Horse Collar
18:06 Stone Mining
18:04 Town Watch
20:56 Fletching
21:07 Padded Archer Armor
21:36 Bodkin Arrow
21:36 Gillnets
24:17 Wheelbarrow
24:56 Bow Saw
25:01 Scale Barding Armor
25:09 Forging
25:37 Husbandry
25:47 Bloodlines
27:42 Hand Cart
28:32 Chain Barding Armor
30:17 Light Cavalry
33:48 Imperial Age
31:21 Horse Collar
31:52 Caravan
32:25 Padded Archer Armor
32:36 Heavy Plow
32:51 Kasbah
34:10 Hussar
34:55 Bracer
35:11 Leather Archer Armor
35:23 Town Patrol
35:56 Crop Rotation
34:49 Elite Camel Archer
36:38 Chemistry
35:59 Ballistics
37:18 Conscription
38:04 Plate Barding Armor
38:04 Iron Casting
37:45 Cavalier
41:31 Maghrebi Camels
42:48 Blast Furnace
41:18 Elite Camel Archer
44:05 Medium Warships
43:31 Elite Cannon Galleon
46:04 Clinker Construction
46:03 Siege Engineers
46:20 Thumb Ring
47:30 Ring Archer Armor
50:21 Heavy Warships
Dashermin
6:35 Loom
9:18 Feudal Age
11:52 Forging
14:09 Fishing Lines
19:53 Castle Age
18:57 Fletching
19:07 Padded Archer Armor
19:02 Double-Bit Axe
20:44 Bodkin Arrow
21:05 Medium Warships
20:47 Gillnets
21:26 Leather Archer Armor
25:57 Town Watch
27:37 Scale Mail Armor
34:56 Imperial Age
33:49 Town Patrol
34:39 Chain Mail Armor
35:10 Ballistics
35:57 Bracer
39:31 Wheelbarrow
38:19 Eagle Warrior
39:37 Iron Casting
39:15 Squires
39:16 Arson
40:01 Elite Eagle Warrior
42:22 Plate Mail Armor
43:18 Blast Furnace
44:09 Holcans
50:42 Pikeman
Jon
6:30 Loom
11:05 Feudal Age
11:54 Double-Bit Axe
14:26 Fishing Lines
20:40 Castle Age
21:29 Husbandry
22:57 Bow Saw
26:49 Gillnets
31:28 Wheelbarrow
33:30 Ballistics
33:39 Hand Cart
35:16 Medium Warships
39:11 Imperial Age
37:36 Guard Tower
39:18 Elite Battle Elephant
40:11 Bloodlines
42:08 Chemistry
42:20 Heavy Warships
44:52 Heavy Scorpion
49:58 Light Cavalry
Rameranic
5:55 Loom
13:07 Feudal Age
13:46 Double-Bit Axe
19:44 Castle Age
19:57 Padded Archer Armor
19:47 Fletching
20:34 Caravan
23:28 Bow Saw
23:39 Leather Archer Armor
23:19 Bodkin Arrow
23:48 Ballistics
25:45 Clinker Construction
27:05 Thumb Ring
27:19 Fishing Lines
30:04 Gillnets
30:53 Wheelbarrow
36:57 Imperial Age
37:04 Treadmill Crane
37:02 Heavy Cavalry Archer
37:15 Heavy Cavalry Archer
38:21 Parthian Tactics
38:01 Bracer
40:06 Chemistry
40:41 Siege Engineers
40:47 Elite Cannon Galleon
42:32 Ring Archer Armor
45:50 Husbandry
46:01 Bloodlines
49:12 Conscription
Connection lost

Rejoining the realm…

Still unreachable

The connection could not be restored.

Session expired

The server has moved on; the page needs a fresh start.